 Dungeon Crawl Stone Soup version 0.27.1-4-g1640c2035a (webtiles) character file.

Game seed: 4551336892733978675

672552 SquidGame the Conqueror (level 27, -3/199 HPs)
             Began as a Tengu Berserker on Nov 8, 2021.
             Was the Champion of Trog.
             Splashed by a yellow draconian's acid (13 damage)
             ... on level 5 of the Realm of Zot.
             The game lasted 03:21:49 (73327 turns).

SquidGame the Conqueror (Tengu Berserker)          Turns: 73327, Time: 03:21:52

Health: -3/199     AC: 27    Str: 38    XL:     27
Magic:  33/33      EV: 50    Int:  9    God:    Trog [******]
Gold:   5180       SH: 21    Dex: 35    Spells: 26/26 levels left

rFire    . . .     SeeInvis +   O - +11 hand axe "Ohihed" {speed, Will++ MP+9 Int+2 Dex+4}
rCold    + . .     Faith    .   J - +3 kite shield {AC+3}
rNeg     . . .     Spirit   .   n - +5 swamp dragon scales "Hatry" {rElec rPois Dex+3 Stlth+}
rPois    +         Reflect  .   Q - +3 crown of Dyrovepreva {rElec Int+2 SInv}
rElec    +         Harm     .   S - +2 cloak {Will+}
rCorr    .         Rampage  .   D - +2 pair of gloves {Str+3}
Will     +++++                  (boots unavailable) Stlth *+++++++++
                                P - amulet of regeneration
HPRegen  2.43/turn              W - ring "Sefeg" {*Slow Will+ Dex+10 Stlth+}
MPRegen  0.23/turn              C - +6 ring of strength

@: strong-willed, corroded, on berserk cooldown, flying quickly and evasively,
regenerating, slowed, very slow
A: beak, talons 3, nimble flight, antennae 1, agile 1, cold resistance 1, dopey
2, sense surroundings 1, strong 1
}: 3/15 runes: barnacled, silver, gossamer
a: Renounce Religion, Berserk, Trog's Hand, Brothers in Arms


You were on level 5 of the Realm of Zot.
You worshipped Trog.
Trog was exalted by your worship.
You visited 9 branches of the dungeon, and saw 48 of its levels.
You also visited: Sewer, Gauntlet, Ice Cave and Desolation.

You collected 9256 gold pieces.
You spent 4076 gold pieces at shops.

Inventory:

Hand Weapons
 u - the +9 broad axe of Oclol {venom, +Blink rElec Int-3 Stlth+}
   (You found it in the Desolation of Salt)

   It poisons the flesh of those it strikes.
   Int:       It affects your intelligence (-3).
   rElec:     It insulates you from electricity.
   +Blink:    It lets you blink.
   Stlth:     It makes you more stealthy.
 O - the +11 hand axe "Ohihed" (weapon) {speed, Will++ MP+9 Int+2 Dex+4}
   (You took it off a minotaur in a Gauntlet)

   Attacks with this weapon are significantly faster.
   Int:       It affects your intelligence (+2).
   Dex:       It affects your dexterity (+4).
   MP:        It affects your magic capacity (+9).
   Will:      It greatly increases your willpower.
Missiles
 c - 17 throwing nets
 B - 15 silver boomerangs
Armour
 n - the +5 swamp dragon scales "Hatry" (worn) {rElec rPois Dex+3 Stlth+}
   (You bought it in a shop on level 1 of the Vaults)

   Dex:       It affects your dexterity (+3).
   rElec:     It insulates you from electricity.
   rPois:     It protects you from poison.
   Stlth:     It makes you more stealthy.
 D - a +2 pair of gloves of strength (worn)
 J - a +3 kite shield of protection (worn)
 Q - the +3 crown of Dyrovepreva (worn) {rElec Int+2 SInv}
   (You found it in a Gauntlet)

   Int:       It affects your intelligence (+2).
   rElec:     It insulates you from electricity.
   SInv:      It lets you see invisible.
 S - a +2 cloak of willpower (worn)
Jewellery
 t - an amulet of the acrobat
 v - a ring of fire
 C - a +6 ring of strength (right hand)
 P - an amulet of regeneration (around neck)
 R - a ring of protection from cold
 W - the ring "Sefeg" (left hand) {*Slow Will+ Dex+10 Stlth+}
   (You bought it in a shop on level 2 of the Orcish Mines)

   [ring of willpower]

   Dex:       It affects your dexterity (+10).
   *Slow:     It may slow you when you take damage.
   Will:      It increases your willpower.
   Stlth:     It makes you more stealthy.
Wands
 a - a wand of paralysis (41)
 b - a wand of digging (15)
 i - a wand of iceblast (15) (quivered)
 m - a wand of flame (19)
 s - a wand of charming (16)
 K - a wand of polymorph (17)
 N - a wand of acid (6)
 T - a wand of mindburst (15)
Scrolls
 g - 3 scrolls of silence
 h - a scroll of brand weapon
 j - 22 scrolls of teleportation
 k - 6 scrolls of identify
 o - 2 scrolls of summoning
 p - 6 scrolls of blinking
 y - 10 scrolls of magic mapping
 A - 6 scrolls of fog
 V - 5 scrolls of fear
Potions
 d - 10 potions of berserk rage
 e - 27 potions of curing
 f - 15 potions of ambrosia
 l - 24 potions of heal wounds
 q - 10 potions of might
 w - 12 potions of haste
 x - 6 potions of resistance
 F - a potion of magic
 L - 3 potions of mutation
 M - 3 potions of invisibility
 Y - 3 potions of cancellation
Miscellaneous
 r - a phial of floods (inert)
 z - a box of beasts
 H - a phantom mirror
 U - a condenser vane
 X - a lightning rod (4/4)
 Z - a tin of tremorstones (2/2)


   Skills:
 O Level 27 Fighting
 + Level 1.0(1.2) Short Blades
 + Level 0.9(1.1) Long Blades
 - Level 17.9(18.0) Axes
 + Level 0.9(12.2) Maces & Flails
 + Level 0.9(12.2) Polearms
 + Level 1.2(1.5) Staves
 + Level 0.7(3.8) Slings
 + Level 0.9 Bows
 + Level 0.9 Crossbows
 + Level 6.1 Throwing
 + Level 18.2 Armour
 + Level 23.3 Dodging
 + Level 23.3 Stealth
 - Level 15.0 Shields
 + Level 0.9 Unarmed Combat
 + Level 0.6 Invocations
 + Level 4.3 Evocations


You had 26 spell levels left.
You didn't know any spells.
Your spell library was empty.

Dungeon Overview and Level Annotations

Branches:
Dungeon (15/15)            Temple (0/1) D:6            Lair (6/6) D:10
 Shoals (4/4) Lair:3       Spider (4/4) Lair:2        Slime (0/5) Lair:5
    Orc (2/2) D:11            Elf (2/3) Orc:2        Vaults (5/5) D:14
  Crypt (0/3) Vaults:3     Depths (5/5) D:15            Zot (5/5) Depths:5
  Sewer (visited)           IceCv (visited)         Desolation (visited)
Gauntlet (visited)

Altars:
Ashenzari
Dithmenos
Gozag
Hepliaklqana
Nemelex Xobeh
Okawaru
Trog
Uskayaw
Vehumet
Wu Jian
Xom
The Shining One
Beogh

Shops:
D:2 [   D:4 *   D:7 [   D:10 !   D:13 *   Orc:2 ==(:?   Elf:1 !   Elf:2 :!*=
Shoals:1 [   Shoals:3 *   Vaults:1 *[(*[   Depths:4 !   Depths:5 =!

Portals:
Hell: Depths:1 Depths:2 Depths:3 Depths:4 Depths:5
Abyss: Spider:3 Depths:4 Depths:5
Pandemonium: Depths:1 Depths:3 Depths:5
Ziggurat: Depths:2

Annotations:
Lair:3 exclusion: oklob plant
Lair:4 exclusion: oklob plant
Lair:6 2 transporters, exclusion: 3 oklob plants, waplegopp's ghost, journeyman TeBe
Spider:3 2 transporters, Lotaimix's ghost, adept HOFi
Zot:2 3 runed translucent doors, 2 transporters, Alunk's ghost, legendary GnFi


Innate Abilities, Weirdness & Mutations

You have a beak for a mouth.
You have claws for feet.
Your magical nature lets you fly swiftly and evasively.
You have a pair of small antennae on your head.
You are agile. (Dex +2)
Your flesh is cold resistant. (rC+)
You are very dopey. (Int -4)
You passively map a small area around you.
Your muscles are strong. (Str +2)


Message History

Unknown command.
You barely miss the orb of fire. Your kick misses the orb of fire.
Your peck misses the orb of fire.
The orb of fire is lightly damaged.
Unknown command.
You slash the orb of fire! Your kick misses the orb of fire.
Your peck misses the orb of fire.
The orb of fire is lightly damaged.
The orb of fire emits a lurid red light.
The bolt of fire misses you.
Unknown command.
You hit the orb of fire. Your kick misses the orb of fire.
You peck the orb of fire, but do no damage.
The orb of fire is lightly damaged.
The ancient lich points at you and mumbles some strange words.
The crystal spear hits you!!!
The orb of fire glows yellow.
The fireball explodes!
The fireball engulfs you!!!!
* * * LOW HITPOINT WARNING * * *
The fireball engulfs the orb of fire.
The orb of fire completely resists.
The black draconian breathes lightning at you.
The bolt of lightning hits the ancient lich!
The ancient lich resists.
The bolt of lightning misses you. x2
You hear a roar! x2
You are too injured to fight recklessly!
Unknown command.
Blink to where?
Press: ? - help, Dir - move target, p - orb of fire A yellow draconian and a draconian scorcher come into view.
The purple draconian scorcher is wielding a +2 vampiric rapier.
As you read the scroll of blinking, it crumbles to dust.
You hear a shout!
An orb of fire comes into view.
The black draconian breathes lightning at you.
The bolt of lightning misses you. The yellow draconian spits acid at you.
The glob of acid hits you.
* * * LOW HITPOINT WARNING * * *
The acid corrodes you!
You are splashed with acid!
You die...

, , , .*.......
,,.......
#▓▓▓▓▓▓▓▓▓▓▓##^....▓▓
#..^^..^........d...##
...##..^.....^.......##
.###,
.....^..........## ##
............q...# #
#.....^.......@..^...#
#....................#
#.......≈≈dd.........#
#.......≈≈...........#
#.......≈≈≈≈.........#
#.......L..........## #
#.....*..........## #
#...§..........## #▓
################


You could see 2 orbs of fire, an ancient lich, 2 draconians, a yellow draconian
(catching breath) and a purple draconian scorcher (wandering).

Vanquished Creatures
  5 dread liches
  2 ancient liches
  A juggernaut (Depths:2)
  Mennas (Vaults:4)
  2 orbs of fire (Zot:2)
  Mara (Vaults:4)
  A Killer Klown (Zot:2)
  Boris (Vaults:2)
  Xtahua (Vaults:3)
  3 curse toes
  Nikola (Shoals:2)
  6 golden dragons
  the Enchantress (Depths:4)
  Arachne (Spider:4)
  2 electric golems
  4 bone dragons
  22 tentacled monstrosities
  5 liches
  3 titans
  10 Orb Guardians (Zot:5)
  Rupert (Lair:5)
  Polyphemus (Shoals:2)
  4 quicksilver dragons
  A kraken (Shoals:3)
  Gastronok (Lair:1)
  6 sphinxes
  8 death cobs
  7 tengu reavers
  Donald (Shoals:3)
  15 storm dragons
  Roxanne (D:14)
  13 shadow dragons
  Ilsuiw (Shoals:2)
  4 draconian monks
  13 fire giants
  A spectral juggernaut (Depths:3)
  5 draconian scorchers
  15 vault wardens
  5 iron dragons
  A spectral caustic shrike (Depths:3)
  4 deep elf sorcerers
  A balrug (Depths:1)
  2 emperor scorpions
  14 frost giants
  An imperial myrmidon (Desolation)
  8 ghost moths
  2 draconian knights
  4 draconian shifters
  7 draconian stormcallers
  2 deep elf elementalists
  3 juggernaut skeletons (Depths:4)
  19 ironbound preservers
  A draconian annihilator (Zot:1)
  5 spriggan defenders
  3 war gargoyles
  21 very ugly things
  A reaper (Depths:2)
  2 deep elf demonologists (Elf:1)
  3 caustic shrike skeletons (Depths:4)
  10 black draconians
  33 stone giants
  10 vampire knights
  A spectral titan (Depths:3)
  4 entropy weavers
  8 green draconians
  5 yellow draconians
  4 halazid warlocks (Desolation)
  An entropy weaver (shapeshifter) (Vaults:1)
  A minotaur (shapeshifter) (Vaults:5)
  12 red draconians
  12 white draconians
  3 deep elf annihilators
  A minotaur (Gauntlet)
  4 dire elephants
  7 purple draconians
  10 merfolk javelineers
  15 spark wasps
  9 deep elf death magi
  2 green deaths
  14 ettins
  3 eidola (Depths:3)
  A spectral quicksilver dragon (Depths:3)
  7 merfolk impalers
  2 crystal guardians (Desolation)
  Josephine (Orc:2)
  A fire dragon (shapeshifter) (Depths:2)
  4 deep elf high priests
  13 yaktaur captains
  3 spectral golden dragons (Depths:3)
  8 fire dragons
  10 great orbs of eyes
  8 hydras
  A hell beast (Depths:2)
  4 rakshasas
  5 servants of whispers (Desolation)
  7 ragged hierophants (Desolation)
  2 spectral shadow dragons (Depths:3)
  8 ice dragons
  3 spectral tengu (Depths:3)
  11 peacekeepers (Desolation)
  6 ironbound thunderhulks
  35 vault guards
  11 ironbound frosthearts
  2 spectral sphinxes (Depths:3)
  4 catoblepae
  8 spriggan air magi
  6 centaur warriors
  A spectral stone giant (Depths:3)
  6 boulder beetles
  3 merfolk avatars
  6 ogre magi
  18 two-headed ogres
  The ghost of Arandomuser the Cleaver, a novice MiBe of Trog (Orc:1)
  4 merfolk aquamancers (Shoals:4)
  23 dancing weapons
  3 alligator snapping turtles
  9 tengu warriors
  12 deep troll earth magi
  8 vampire magi
  2 satyrs (Shoals:3)
  6 ironbound beastmasters
  2 hell hogs (Depths:4)
  8 soul eaters
  17 deep troll shamans
  13 hell knights
  8 death yaks
  An orc high priest (Orc:2)
  A sun demon (Depths:4)
  9 spriggan berserkers
  17 deep elf knights
  A spectral spriggan (Depths:3)
  9 spriggans
  6 spectral storm dragons (Depths:3)
  Nergalle (Lair:4)
  19 iron trolls
  4 storm dragon skeletons (Depths:4)
  2 titan skeletons (Depths:4)
  2 spectral spark wasps (Depths:3)
  4 death drakes (Depths:3)
  8 sea snakes
  93 deep trolls
  18 skeletal warriors
  A spectral iron dragon (Depths:3)
  An obsidian statue (Depths:2)
  12 glowing orange brains
  25 ironbound convokers
  12 harpies
  5 flayed ghosts
  9 deep elf archers
  3 orange crystal statues
  14 wizards
  A golden dragon skeleton (Depths:4)
  A lindwurm (shapeshifter) (Depths:5)
  16 orb spiders
  55 ugly things
  28 deep elf pyromancers
  16 deep elf zephyrmancers
  3 necromancers
  4 orc knights
  6 lindwurms
  11 phantasmal warriors
  22 wolf spiders
  12 manticores
  3 orc sorcerers
  14 fauns
  2 tengu skeletons (Depths:4)
  4 cyclopes
  24 moths of wrath
  An iron dragon skeleton (Depths:4)
  A fire giant skeleton (Depths:4)
  2 sphinx skeletons (Depths:4)
  A guardian serpent (Desolation)
  2 ice statues (IceCv)
  A naga mage (D:15)
  2 frost giant skeletons (Depths:4)
  3 elephants (Lair:6)
  16 vault sentinels
  5 storm dragon simulacra (Depths:3)
  Joseph (Lair:1)
  4 smoke demons
  A molten gargoyle (Desolation)
  5 spectral elves (Depths:3)
  12 merfolk sirens
  12 cane toads
  3 torpor snails
  A water nymph (shapeshifter) (Vaults:1)
  A titan simulacrum (Depths:3)
  An orange demon (Gauntlet)
  2 spriggan skeletons (Depths:4)
  7 water nymphs
  Maggie (D:9)
  2 gargoyles (D:12)
  A hellion (Depths:4)
  2 unseen horrors
  9 komodo dragons
  30 yaktaurs
  A freezing wraith (Vaults:5)
  An efreet (D:15)
  6 rime drakes
  A tormentor (Depths:2)
  A kobold demonologist (D:14)
  A hellwing (Depths:2)
  2 spectral glowing shapeshifters (Depths:3)
  11 demonic crawlers
  3 ice devils
  A golden dragon simulacrum (Depths:3)
  11 tengu conjurers
  A guardian mummy (Zot:2)
  A red devil (Depths:1)
  8 wind drakes
  40 merfolk
  3 polar bears
  7 meliai
  A hornet (shapeshifter) (Elf:1)
  A meliai (shapeshifter) (Vaults:5)
  A merfolk (shapeshifter) (Depths:2)
  A queen bee (D:9)
  9 trolls
  9 hornets
  3 blink frogs (Lair:5)
  53 saltlings (Desolation)
  A tengu simulacrum (Depths:3)
  4 dream sheep (Lair:4)
  3 sphinx simulacra (Depths:3)
  25 slime creatures
  27 jumping spiders
  A dream sheep (shapeshifter) (Vaults:1)
  2 meliai zombies (D:11)
  7 snapping turtles
  A centaur simulacrum (D:15)
  A tarantella (shapeshifter) (D:12)
  42 redbacks
  9 flying skulls (Depths:4)
  2 vampires
  2 shadows
  7 wraiths
  2 humans (D:7)
  34 tarantellas
  11 water elementals
  43 yaks
  A golden eye (shapeshifter) (D:14)
  A fire elemental (Elf:1)
  11 vampire mosquitoes
  A neqoxec (Depths:1)
  5 basilisks
  A chaos spawn (Depths:1)
  An elf skeleton (Depths:4)
  5 wargs
  An acid dragon (D:11)
  9 water moccasins
  2 floating eyes
  35 orc warriors
  2 necrophages (D:11)
  An ice beast (D:7)
  4 black bears
  A sky beast (D:6)
  20 ogres
  8 wolves
  2 phantoms (D:6)
  16 centaurs
  A wyvern zombie (D:6)
  3 kobold brigands
  8 bullfrogs
  4 scorpions
  A glowing shapeshifter simulacrum (Depths:3)
  A lindwurm simulacrum (IceCv)
  22 killer bees
  3 electric eels
  21 wights
  A crimson imp (D:12)
  A howler monkey (D:14)
  8 centaur zombies
  4 hounds
  5 komodo dragon simulacra (IceCv)
  A gnoll shaman (D:9)
  11 orc priests
  8 jellies
  Jessica (D:3)
  2 centaur skeletons
  3 iguanas
  Terence (D:3)
  20 orc wizards
  A yak simulacrum (Lair:3)
  3 polar bear simulacra (Lair:3)
  3 wolf simulacra (Lair:3)
  A killer bee zombie (D:7)
  A hound skeleton (D:4)
  A mummy (D:11)
  2 howler monkey zombies
  Robin (D:3)
  3 acid dragon simulacra (IceCv)
  9 gnolls
  8 adders
  13 white imps
  4 steam dragon simulacra (IceCv)
  An ufetubus (D:5)
  6 worms
  7 dart slugs
  70 orcs
  7 ball pythons
  31 endoplasms
  5 giant cockroaches
  23 goblins
  17 hobgoblins
  7 jackals
  9 kobolds
  4 quokkas
  11 bats
  4 frilled lizards
  6 rats
  4 river rat simulacra (Lair:3)
  3 pillars of salt (Vaults:3)
  A tentacle (Shoals:3)
2322 creatures vanquished.

Vanquished Creatures (collateral kills)
  Boris (Depths:1)
  A sphinx (Vaults:1)
  A storm dragon (Vaults:5)
  A deep elf sorcerer (Vaults:5)
  2 emperor scorpions (Spider:4)
  A frost giant (Depths:1)
  A stone giant (Vaults:5)
  A reaper (Depths:2)
  A very ugly thing (Depths:5)
  2 spark wasps (Depths:1)
  A red draconian (Vaults:1)
  A purple draconian (Zot:4)
  A white draconian (IceCv)
  A merfolk javelineer (Shoals:4)
  A merfolk impaler (Shoals:4)
  A fire dragon (Depths:1)
  5 vault guards (Vaults:5)
  An ice dragon (Depths:1)
  3 dancing weapons (Elf:2)
  A deep troll earth mage (Depths:1)
  A death yak (Shoals:2)
  A deep elf knight (Elf:2)
  A spriggan (Depths:1)
  A soul eater (Depths:2)
  A deep troll (Vaults:5)
  A wizard (Depths:1)
  A harpy (Shoals:4)
  2 phantasmal warriors
  3 necromancers (Depths:1)
  3 deep elf zephyrmancers (Elf:2)
  2 deep elf pyromancers (Elf:2)
  A mana viper (shapeshifter) (Depths:5)
  3 orb spiders (Spider:4)
  An ugly thing (Depths:1)
  A manticore (Shoals:4)
  A vault sentinel (Vaults:5)
  3 smoke demons (Depths:2)
  An efreet (D:14)
  4 rime drakes
  A tormentor (Depths:2)
  2 jumping spiders (Spider:4)
  A hornet (Depths:1)
  2 merfolk
  A blink frog (shapeshifter) (Elf:2)
  3 dream sheep (Lair:4)
  2 redbacks (Spider:4)
  An ogre (Orc:1)
  A lindwurm simulacrum (IceCv)
  3 komodo dragon simulacra (IceCv)
  3 acid dragon simulacra (IceCv)
  A steam dragon simulacrum (IceCv)
81 creatures vanquished.

Vanquished Creatures (others)
  A yaktaur (Vaults:3)
  13 fungi
  80 plants
  5 tentacles (Shoals:3)
  3 withered plants (D:11)
102 creatures vanquished.

Grand Total: 2505 creatures vanquished

Notes
Turn   | Place    | Note
-------+----------+-------------------------------------------
     0 | D:1      | SquidGame the Tengu Berserker began the quest for the Orb.
     0 | D:1      | Reached XP level 1. HP: 14/14 MP: 2/2
   294 | D:1      | Reached XP level 2. HP: 5/19 MP: 3/3
   941 | D:1      | Reached XP level 3. HP: 23/23 MP: 4/4
  1459 | D:2      | Found Xukkat's Armour Boutique.
  1468 | D:2      | Reached ** piety under Trog
  1735 | D:2      | Found an iron altar of Okawaru.
  1872 | D:2      | Found a faded altar of an unknown god.
  1873 | D:2      | Noticed a scorpion
  1880 | D:2      | Killed a scorpion
  1881 | D:2      | Reached XP level 4. HP: 29/29 MP: 5/5
  1881 | D:2      | Gained mutation: Your magical nature lets you fly swiftly
                  | and evasively. [Tengu growth]
  1881 | D:2      | Reached XP level 5. HP: 33/33 MP: 6/6
  2421 | D:3      | Noticed Jessica
  2427 | D:3      | Killed Jessica
  2428 | D:3      | Reached skill level 4 in Fighting
  2498 | D:3      | Reached skill level 1 in Stealth
  2504 | D:3      | Reached skill level 5 in Axes
  2835 | D:3      | Found a glowing drain.
  2851 | Sewer    | Entered a sewer
  3122 | Sewer    | Reached XP level 6. HP: 36/38 MP: 7/7
  3246 | Sewer    | Reached *** piety under Trog
  3460 | D:3      | Noticed Terence
  3467 | D:3      | Killed Terence
  4511 | D:3      | Noticed Robin
  4523 | D:3      | Killed Robin
  4952 | D:3      | Reached **** piety under Trog
  4979 | D:3      | Found a sparkling altar of Nemelex Xobeh.
  4979 | D:3      | Found a shadowy altar of Dithmenos.
  5419 | D:4      | Reached XP level 7. HP: 44/44 MP: 8/8
  5785 | D:4      | Reached skill level 1 in Throwing
  6027 | D:4      | Found Jisef's Gadget Gallery.
  6672 | D:5      | Entered Level 5 of the Dungeon
  6677 | D:5      | Found an opulent altar of Gozag.
  7037 | D:5      | Reached skill level 5 in Fighting
  7037 | D:5      | Reached XP level 8. HP: 49/49 MP: 9/9
  7638 | D:5      | Found a hazy altar of Hepliaklqana.
  7868 | D:6      | Reached skill level 5 in Armour
  8434 | D:6      | Found a staircase to the Ecumenical Temple.
  9063 | D:6      | Found a bloodstained altar of Trog.
  9635 | D:7      | Reached XP level 9. HP: 54/54 MP: 10/10
  9859 | D:2      | Bought a +1 pair of gloves of strength for 214 gold pieces
 10567 | D:7      | Found an iron altar of Okawaru.
 10765 | D:7      | Found Qouqajea's Antique Armour Boutique.
 11910 | D:8      | Reached XP level 10. HP: 36/60 MP: 11/11
 11911 | D:8      | Reached skill level 6 in Fighting
 11911 | D:8      | Reached skill level 10 in Axes
 13021 | D:9      | Noticed a two-headed ogre
 13027 | D:9      | Killed a two-headed ogre
 13270 | D:9      | Noticed a boulder beetle
 13277 | D:9      | Noticed a two-headed ogre
 13288 | D:9      | Killed a boulder beetle
 13289 | D:9      | Reached skill level 1 in Shields
 13290 | D:9      | Killed a two-headed ogre
 13839 | D:9      | Reached skill level 10 in Armour
 13843 | D:9      | Reached XP level 11. HP: 66/66 MP: 12/12
 13986 | D:9      | Found a radiant altar of Vehumet.
 14054 | D:9      | Noticed Maggie
 14060 | D:9      | Killed Maggie
 14330 | D:9      | Found a glowing golden altar of the Shining One.
 14361 | D:9      | Reached ***** piety under Trog
 14584 | D:9      | Found a hide-covered altar of Uskayaw.
 14949 | D:10     | Entered Level 10 of the Dungeon
 15197 | D:10     | Found a staircase to the Lair.
 15242 | D:10     | Noticed a two-headed ogre
 15246 | D:10     | Killed a two-headed ogre
 15247 | D:10     | Reached skill level 7 in Fighting
 15688 | D:10     | Found Kipoiw's Distillery.
 15695 | D:10     | Bought a potion of heal wounds for 60 gold pieces
 15695 | D:10     | Bought a potion of curing for 36 gold pieces
 15695 | D:10     | Bought a potion of mutation for 96 gold pieces
 15695 | D:10     | Bought a potion of heal wounds for 60 gold pieces
 15695 | D:10     | Bought a potion of mutation for 96 gold pieces
 15695 | D:10     | Bought 2 potions of curing for 72 gold pieces
 15695 | D:10     | Bought a potion of resistance for 120 gold pieces
 16025 | D:10     | Reached skill level 5 in Dodging
 16682 | D:11     | Identified the +10 great mace of Kaut {flame, *Rage rC+
                  | Str+2} (Trog gifted it to you on level 11 of the Dungeon)
 16682 | D:11     | Received a gift from Trog
 16693 | D:11     | Noticed a cyclops
 16832 | D:11     | Noticed a manticore
 16834 | D:11     | Killed a cyclops
 16841 | D:11     | Killed a manticore
 17336 | D:11     | Noticed a two-headed ogre
 17343 | D:11     | Killed a two-headed ogre
 17348 | D:11     | Reached XP level 12. HP: 73/73 MP: 13/13
 17362 | D:11     | Reached skill level 8 in Fighting
 17786 | D:11     | Reached skill level 5 in Shields
 18146 | D:11     | Found a staircase to the Orcish Mines.
 18321 | Lair:1   | Entered Level 1 of the Lair of Beasts
 18492 | Lair:1   | Noticed Joseph
 18502 | Lair:1   | Killed Joseph
 18879 | Lair:1   | Noticed Gastronok
 18890 | Lair:1   | Killed Gastronok
 19386 | Lair:2   | Found a hole to the Spider Nest.
 19677 | Lair:2   | Noticed a seven-headed hydra
 19683 | Lair:2   | Killed a nine-headed hydra
 20280 | Lair:2   | Noticed a four-headed hydra
 20285 | Lair:2   | Killed a seven-headed hydra
 20286 | Lair:2   | Reached skill level 5 in Throwing
 20373 | Lair:2   | Noticed a six-headed hydra
 20378 | Lair:2   | Killed an eight-headed hydra
 20807 | Lair:3   | Reached XP level 13. HP: 72/80 MP: 14/14
 20817 | Lair:3   | Reached skill level 9 in Fighting
 21332 | Lair:3   | Found a staircase to the Shoals.
 21808 | Lair:3   | Received a gift from Trog
 23215 | Lair:4   | Reached skill level 15 in Axes
 23736 | Lair:4   | Noticed Nergalle
 23747 | Lair:4   | Killed Nergalle
 24482 | Lair:5   | Noticed Rupert
 24482 | Lair:5   | Paralysed by Rupert for 7 turns
 24492 | Lair:5   | Paralysed by Rupert for 7 turns
 24505 | Lair:5   | Paralysed by Rupert for 4 turns
 24509 | Lair:5   | Killed Rupert
 25507 | Lair:5   | Reached XP level 14. HP: 87/87 MP: 15/15
 25664 | Lair:5   | Reached skill level 10 in Fighting
 25949 | Lair:5   | Found a staircase to the Slime Pits.
 26191 | Lair:6   | Entered Level 6 of the Lair of Beasts
 26198 | Lair:6   | Found a transporter.
 26225 | Lair:6   | Found a transporter.
 26302 | Lair:6   | Noticed waplegopp's ghost (journeyman TeBe)
 26462 | Lair:6   | Received a gift from Trog
 26496 | Lair:6   | Found a frozen archway.
 26503 | Lair:6   | Identified the +7 chain mail of Peek-a-Boo {Int+4}
 26640 | IceCv    | Entered an ice cave
 27968 | IceCv    | Noticed a white draconian
 27978 | IceCv    | Killed a white draconian
 28543 | Lair:6   | Noticed a dire elephant
 28562 | Lair:6   | Killed a dire elephant
 28998 | Orc:1    | Entered Level 1 of the Orcish Mines
 29173 | Orc:1    | Found a transporter.
 29183 | Orc:1    | Found a transporter.
 29183 | Orc:1    | Noticed Arandomuser's ghost (novice MiBe)
 29188 | Orc:1    | Paralysed by an orc sorcerer for 3 turns
 29249 | Orc:2    | Entered Level 2 of the Orcish Mines
 29250 | Orc:2    | Found Wiuwk's Jewellery Shop.
 29550 | Orc:2    | Noticed Josephine
 29880 | Orc:2    | Killed Josephine
 30081 | Orc:2    | Found Joukyfun's Antique Weapon Boutique.
 30081 | Orc:2    | Found Binnuen's Book Emporium.
 30081 | Orc:2    | Found Bezxunah's Magic Scroll Shoppe.
 30084 | Orc:2    | Found Yrutupti's Jewellery Shop.
 30091 | Orc:2    | Bought a scroll of enchant weapon for 120 gold pieces
 30091 | Orc:2    | Bought a scroll of enchant weapon for 120 gold pieces
 30091 | Orc:2    | Bought a scroll of teleportation for 48 gold pieces
 30091 | Orc:2    | Bought a scroll of blinking for 120 gold pieces
 30273 | Orc:2    | Found a staircase to the Elven Halls.
 30811 | Orc:1    | Reached skill level 11 in Fighting
 30987 | Orc:1    | Killed Arandomuser's ghost
 30988 | Orc:1    | Reached XP level 15. HP: 94/94 MP: 16/16
 30991 | Orc:1    | Received a gift from Trog
 31214 | D:12     | Found a gate leading to a gauntlet.
 31219 | Gauntlet | Entered a Gauntlet
 31219 | Gauntlet | Found a transporter.
 31219 | Gauntlet | Found a runed translucent gate.
 31219 | Gauntlet | Found a runed translucent gate.
 31221 | Gauntlet | Found a runed translucent gate.
 31234 | Gauntlet | Found a transporter.
 31236 | Gauntlet | Found a transporter.
 31268 | Gauntlet | Found a transporter.
 31271 | Gauntlet | Found a transporter.
 31282 | Gauntlet | Found a transporter.
 31299 | Gauntlet | Found a transporter.
 31308 | Gauntlet | Found a runed translucent door.
 31309 | Gauntlet | Found a transporter.
 31310 | Gauntlet | Found a runed translucent door.
 31319 | Gauntlet | Found a transporter.
 31334 | Gauntlet | Found a transporter.
 31344 | Gauntlet | Found a transporter.
 31353 | Gauntlet | Found a transporter.
 31408 | Gauntlet | Found a transporter.
 31615 | Gauntlet | Reached skill level 1 in Short Blades
 31615 | Gauntlet | Reached skill level 1 in Staves
 31615 | Gauntlet | Reached XP level 16. HP: 100/100 MP: 17/17
 31650 | Gauntlet | Identified the +11 hand axe "Ohihed" {speed, Will++ MP+9
                  | Int+2 Dex+4}
 31650 | Gauntlet | Identified the +2 hunting sling of Vashroitz {speed, rN+
                  | Str+3}
 32344 | Gauntlet | Found the +3 crown of Dyrovepreva {rElec Int+2 SInv}
 32495 | D:12     | Reached skill level 10 in Shields
 32780 | D:12     | You are sucked into a shaft and drop 3 floors!
 32780 | D:15     | Entered Level 15 of the Dungeon
 33215 | D:15     | Reached skill level 12 in Fighting
 33536 | D:15     | Reached skill level 5 in Stealth
 34104 | D:15     | Found a staircase to the Depths.
 34624 | D:14     | Found a gate to the Vaults.
 35468 | D:14     | Reached XP level 17. HP: 108/108 MP: 18/18
 35629 | D:14     | Identified Roxanne's Guide on Stones
 35629 | D:14     | Noticed Roxanne
 35887 | D:14     | Received a gift from Trog
 36036 | D:14     | Found a shimmering altar of Xom.
 36143 | D:14     | Killed Roxanne
 36864 | D:13     | Gained mutation: You have a pair of small antennae on your
                  | head. [potion of mutation]
 36864 | D:13     | Gained mutation: Potions are less effective at restoring
                  | your health. [potion of mutation]
 36864 | D:13     | Gained mutation: Your spells are a little easier to cast,
                  | but a little less powerful. [potion of mutation]
 36865 | D:13     | Lost mutation: Your spells are a little easier to cast, but
                  | a little less powerful. [potion of mutation]
 36865 | D:13     | Lost mutation: You have a pair of small antennae on your
                  | head. [potion of mutation]
 36865 | D:13     | Gained mutation: You are agile. (Dex +2) [potion of
                  | mutation]
 36865 | D:13     | Gained mutation: Your spells are a little harder to cast,
                  | but a little more powerful. [potion of mutation]
 36866 | D:13     | Lost mutation: Your spells are a little harder to cast, but
                  | a little more powerful. [potion of mutation]
 36866 | D:13     | Lost mutation: You are agile. (Dex +2) [potion of mutation]
 36866 | D:13     | Gained mutation: You possess an exceptional clarity of
                  | mind. [potion of mutation]
 36866 | D:13     | Gained mutation: Your natural rate of healing is unusually
                  | fast. [potion of mutation]
 36866 | D:13     | Gained mutation: Your flesh is cold resistant. (rC+)
                  | [potion of mutation]
 36866 | D:13     | Gained mutation: Your system is resistant to poisons.
                  | (rPois) [potion of mutation]
 36876 | D:13     | Found Laita's Overcharged Wands.
 37133 | D:13     | Identified the +5 long sword "Kogeenaj" {drain, Str+4
                  | Stlth+}
 37484 | Orc:2    | Bought the ring "Sefeg" {*Slow Will+ Dex+10 Stlth+} for 853
                  | gold pieces
 37608 | Spider:1 | Entered Level 1 of the Spider Nest
 38341 | Spider:1 | Reached skill level 13 in Fighting
 38877 | Spider:2 | Reached ****** piety under Trog
 39535 | Spider:3 | Received a gift from Trog
 39572 | Spider:3 | Found a transporter.
 39572 | Spider:3 | Noticed Lotaimix's ghost (adept HOFi)
 39814 | Spider:3 | Found a transporter.
 39828 | Spider:3 | Found a one-way gate to the infinite horrors of the Abyss.
 40372 | Spider:4 | Entered Level 4 of the Spider Nest
 40424 | Spider:4 | Reached XP level 18. HP: 116/116 MP: 0/19
 40721 | Spider:4 | Received a gift from Trog
 40750 | Spider:4 | Reached skill level 14 in Fighting
 40787 | Spider:4 | Got a gossamer rune of Zot
 40957 | Spider:4 | Noticed Arachne
 40981 | Spider:4 | Killed Arachne
 41054 | Spider:4 | Reached skill level 15 in Armour
 41669 | Shoals:1 | Entered Level 1 of the Shoals
 42525 | Shoals:1 | Found Ophyicyw's Antique Armour Emporium.
 43006 | Shoals:2 | Noticed Ilsuiw
 43027 | Shoals:2 | Killed Ilsuiw
 43175 | Shoals:2 | Noticed Nikola
 43176 | Shoals:2 | Noticed Polyphemus
 43193 | Shoals:2 | Killed Nikola
 43416 | Shoals:2 | Killed Polyphemus
 43765 | Shoals:3 | Noticed Donald
 43787 | Shoals:3 | Killed Donald
 43937 | Shoals:3 | Reached XP level 19. HP: 118/123 MP: 20/20
 44091 | Shoals:3 | Reached skill level 15 in Fighting
 44135 | Shoals:3 | Received a gift from Trog
 44544 | Shoals:3 | Reached skill level 15 in Shields
 44544 | Shoals:3 | Found Yrorghask's Assorted Antiques.
 44783 | Shoals:4 | Entered Level 4 of the Shoals
 45068 | Shoals:4 | Identified the +6 broad axe "Leviticus" {protect, Dex+2
                  | SInv}
 45793 | Shoals:4 | Received a gift from Trog
 45905 | Shoals:4 | Reached skill level 16 in Fighting
 45962 | Shoals:4 | Got a barnacled rune of Zot
 46279 | Elf:1    | Entered Level 1 of the Elven Halls
 46459 | Elf:1    | Found Besusex's Distillery.
 46493 | Elf:1    | Received a gift from Trog
 46545 | Elf:1    | Bought a potion of mutation for 104 gold pieces
 46573 | Elf:1    | Noticed a Tzitzimitl
 46751 | Elf:1    | You are sucked into a shaft and drop 1 floor!
 46769 | Elf:2    | Found Tilemm Lidie's Assorted Antiques.
 46784 | Elf:2    | Reached XP level 20. HP: 132/132 MP: 21/21
 46791 | Elf:2    | Received a gift from Trog
 46792 | Elf:2    | Reached skill level 10 in Stealth
 46845 | Elf:2    | Bought a potion of mutation for 264 gold pieces
 46867 | Elf:2    | Found Tuehov's Distillery.
 46880 | Elf:2    | Bought a potion of resistance for 160 gold pieces
 46898 | Elf:2    | Found Bouwes's Jewellery Shoppe.
 46932 | Elf:1    | Identified the +0 ring mail "Owkazunn" {Str+7}
 47157 | Elf:1    | Reached skill level 17 in Fighting
 47525 | Elf:2    | Found Ogots's Book Shoppe.
 47619 | Elf:2    | Found a runed translucent gate.
 47619 | Elf:2    | Found a runed translucent gate.
 47619 | Elf:2    | Found a runed translucent gate.
 47958 | Elf:2    | Received a gift from Trog
 48586 | Vaults:1 | Entered Level 1 of the Vaults
 48665 | Vaults:1 | Reached skill level 10 in Dodging
 48716 | Vaults:1 | Reached skill level 18 in Fighting
 48829 | Vaults:1 | Received a gift from Trog
 48830 | Vaults:1 | Identified the +5 trident of Breach {venom, *Noise rF+ rC+
                  | Int+2}
 49269 | Vaults:1 | Found Sinum's General Store.
 49438 | Vaults:1 | Found Qyaczil's Assorted Antiques.
 49445 | Vaults:1 | Found Xap Wux's Antique Weapon Shoppe.
 49447 | Vaults:1 | Found Tiadoiso's Armour Shop.
 49458 | Vaults:1 | Reached XP level 21. HP: 142/142 MP: 22/22
 49510 | Vaults:1 | Bought the +5 swamp dragon scales "Hatry" {rElec rPois
                  | Dex+3 Stlth+} for 1373 gold pieces
 49582 | Vaults:1 | Found Icvuq's Antique Armour Boutique.
 49762 | Vaults:1 | Reached skill level 19 in Fighting
 49866 | Vaults:1 | Identified the +3 falchion of Moral Flaws {freeze, Fragile
                  | rCorr MP+9}
 50003 | Vaults:1 | Identified the +1 long sword "Orb Guardian's Foe" {protect,
                  | rF- Dex+8}
 50385 | Vaults:1 | Received a gift from Trog
 51445 | Vaults:2 | Noticed Boris
 51475 | Vaults:2 | Killed Boris
 51476 | Vaults:2 | Reached skill level 20 in Fighting
 51621 | Vaults:2 | Received a gift from Trog
 52168 | Vaults:3 | Found a crumbling gateway.
 52180 | Desolati | Entered the Desolation of Salt
 52220 | Desolati | Reached XP level 22. HP: 143/152 MP: 23/23
 52243 | Desolati | Identified the +9 broad axe of Oclol {venom, +Blink rElec
                  | Int-3 Stlth+}
 52246 | Desolati | Identified the +9 dagger of Resourcefulness {vorpal, rElec
                  | rF+ Str+3}
 52420 | Desolati | Identified the +1 great sword "Veodauc" {elec, Will++}
 52421 | Desolati | Identified the +8 bardiche of Teblerr {pain, Fly rElec
                  | Str+5 Dex-2}
 52540 | Desolati | Identified the ring "Aliwn" {Wiz rF+}
 52691 | Desolati | Received a gift from Trog
 53527 | Vaults:3 | Found a staircase to the Crypt.
 53693 | Vaults:3 | Noticed Xtahua
 53709 | Vaults:3 | Killed Xtahua
 53843 | Vaults:3 | Reached skill level 21 in Fighting
 54245 | Vaults:4 | Received a gift from Trog
 54764 | Vaults:4 | Reached XP level 23. HP: 160/160 MP: 24/24
 54792 | Vaults:4 | Noticed Mara
 54798 | Vaults:4 | Noticed SquidGame's illusion
 54825 | Vaults:4 | Killed Mara
 54939 | Vaults:4 | Noticed Mennas
 54985 | Vaults:4 | Killed Mennas
 55297 | Vaults:4 | Reached skill level 15 in Stealth
 55846 | Vaults:5 | Entered Level 5 of the Vaults
 55913 | Vaults:5 | Received a gift from Trog
 56043 | Vaults:5 | Reached skill level 22 in Fighting
 56087 | Vaults:5 | Identified the +5 quarterstaff of Agony {spect, rF+}
 56194 | Vaults:5 | Noticed a dread lich
 56220 | Vaults:5 | Killed a dread lich
 56401 | Vaults:5 | Received a gift from Trog
 56427 | Vaults:5 | Reached XP level 24. HP: 164/169 MP: 24/24
 56509 | Vaults:5 | Identified the +1 leather armour of Okawaru's Supremacy
                  | {rElec Will+ Str+4 Int-5}
 56821 | Vaults:5 | Noticed a dread lich
 56838 | Vaults:5 | Killed a dread lich
 57132 | Vaults:5 | Identified the +6 whip of Dishonesty {speed, rC- Will-
                  | Dex+3 SInv}
 57428 | Vaults:5 | Identified the +8 short sword of the Dripping Puffin
                  | {antimagic, +Blink Str-3 Int+7}
 57428 | Vaults:5 | Identified the +5 arbalest of Mutilation {elec, rPois Will+
                  | Int+3}
 57443 | Vaults:5 | Reached skill level 23 in Fighting
 57443 | Vaults:5 | Noticed a dread lich
 57464 | Vaults:5 | Killed a dread lich
 57757 | Vaults:5 | Got a silver rune of Zot
 58062 | Vaults:5 | Identified the +9 battleaxe of Earthquakes {venom, +Blink
                  | rC+ Stlth-}
 58063 | Vaults:5 | Identified the +7 hand axe "Faossih" {spect, +Rage Str+3}
 58265 | Vaults:5 | Identified the +7 great mace of Tequule {vorpal, Contam
                  | +Blink Fly Dex+5}
 58266 | Vaults:5 | Identified the +3 short sword of Gyajidi {vorpal, rPois
                  | rC+}
 58641 | Depths:1 | Entered Level 1 of the Depths
 58692 | Depths:1 | Received a gift from Trog
 58708 | Depths:1 | Reached skill level 15 in Dodging
 58937 | Depths:1 | Found a gateway to Hell.
 59006 | Depths:1 | Paralysed by a floating eye for 2 turns
 59032 | Depths:1 | Noticed Boris
 59034 | Depths:1 | Reached XP level 25. HP: 176/176 MP: 24/24
 59062 | Depths:1 | Killed Boris
 59193 | Depths:1 | Reached skill level 24 in Fighting
 59302 | Depths:1 | Received a gift from Trog
 59744 | Depths:1 | Found a broken altar of Ashenzari.
 59936 | Depths:1 | Found a one-way gate leading to the halls of Pandemonium.
 60238 | Depths:2 | Found a gateway to a ziggurat.
 60315 | Depths:2 | Received a gift from Trog
 61141 | Depths:2 | Received a gift from Trog
 61180 | Depths:2 | Reached XP level 26. HP: 187/187 MP: 24/24
 61286 | Depths:2 | Reached skill level 25 in Fighting
 61304 | Depths:2 | Identified the +4 ring mail of Sitahi Mujae {Dex+3}
 61318 | Depths:2 | Identified the +3 plate armour of Noughts and Crosses
                  | {rElec Str+4}
 61356 | Depths:2 | Identified the +2 flail "Dif Igiv" {vamp, rPois Str+5
                  | Int-2}
 61978 | Depths:2 | Noticed a juggernaut
 62002 | Depths:2 | Killed a juggernaut
 62214 | Depths:2 | Found an ornate altar of the Wu Jian Council.
 62647 | Depths:3 | Identified the +11 broad axe "Wouhomo" {antimagic, rN+
                  | rCorr Stlth-} (Trog gifted it to you on level 3 of the
                  | Depths)
 62647 | Depths:3 | Received a gift from Trog
 62984 | Depths:3 | Reached skill level 26 in Fighting
 63216 | Depths:3 | Reached XP level 27. HP: 196/196 MP: 24/24
 63480 | Depths:3 | Noticed a dread lich
 63509 | Depths:3 | Killed a dread lich
 63536 | Depths:3 | Found the +12 glaive of Prune {vorpal}
 63573 | Depths:3 | Paralysed by a floating eye for 4 turns
 63853 | Depths:4 | Identified the +5 quarterstaff of Orb Guardian's Curse
                  | {vorpal, rElec rC+ rCorr Dex+4} (Trog gifted it to you on
                  | level 4 of the Depths)
 63853 | Depths:4 | Received a gift from Trog
 64052 | Depths:4 | Found Pyamm's Distillery.
 64076 | Depths:4 | Bought a potion of resistance for 160 gold pieces
 64260 | Depths:4 | Noticed the Enchantress
 64306 | Depths:4 | Killed the Enchantress
 64568 | Depths:4 | Received a gift from Trog
 65267 | Depths:4 | Reached skill level 27 in Fighting
 65574 | Depths:5 | Entered Level 5 of the Depths
 65574 | Depths:5 | Found a sparkling altar of Nemelex Xobeh.
 65632 | Depths:5 | Received a gift from Trog
 66023 | Depths:5 | Found Bibriupet's Distillery.
 66023 | Depths:5 | Found Jotzuynu's Jewellery Emporium.
 66365 | Depths:5 | Found a gate to the Realm of Zot.
 67197 | Zot:1    | Entered Level 1 of the Realm of Zot
 67912 | Zot:1    | Received a gift from Trog
 68548 | Zot:2    | Found a runed translucent gate.
 68548 | Zot:2    | Found a runed translucent gate.
 68548 | Zot:2    | Found a runed translucent gate.
 68551 | Zot:2    | Noticed an orb of fire
 68552 | Zot:2    | Noticed Alunk's ghost (legendary GnFi)
 68684 | Zot:2    | Found a transporter.
 68731 | Zot:2    | Identified the +2 robe of the Trout {rCorr Str+9 Dex-3
                  | Slay+2}
 68735 | Zot:2    | Noticed an orb of fire
 68748 | Zot:2    | Lost mutation: Your natural rate of healing is unusually
                  | fast. [an orb of fire]
 68754 | Zot:2    | Killed an orb of fire
 68757 | Zot:2    | Lost mutation: You possess an exceptional clarity of mind.
                  | [potion of mutation]
 68757 | Zot:2    | Lost mutation: Potions are less effective at restoring your
                  | health. [potion of mutation]
 68891 | Zot:2    | Noticed an orb of fire
 68895 | Zot:2    | Gained mutation: You tend to lose your temper in combat.
                  | [an orb of fire]
 68903 | Zot:2    | Gained mutation: You are frail. (-10% HP) [an orb of fire]
 68909 | Zot:2    | Killed an orb of fire
 69187 | Zot:2    | Lost mutation: You are frail. (-10% HP) [potion of
                  | mutation]
 69187 | Zot:2    | Lost mutation: You tend to lose your temper in combat.
                  | [potion of mutation]
 69187 | Zot:2    | Gained mutation: You sometimes lose the ability to read
                  | scrolls when taking damage. [potion of mutation]
 69187 | Zot:2    | Gained mutation: You are agile. (Dex +2) [potion of
                  | mutation]
 69188 | Zot:2    | Lost mutation: Your system is resistant to poisons. (rPois)
                  | [potion of mutation]
 69188 | Zot:2    | Lost mutation: You sometimes lose the ability to read
                  | scrolls when taking damage. [potion of mutation]
 69188 | Zot:2    | Gained mutation: You have a pair of small antennae on your
                  | head. [potion of mutation]
 69188 | Zot:2    | Gained mutation: Your muscles are strong. (Str +2) [potion
                  | of mutation]
 69218 | Zot:2    | Noticed an ancient lich
 69235 | Zot:2    | Killed an ancient lich
 69855 | Zot:2    | Found a transporter.
 71833 | Zot:4    | Received a gift from Trog
 72472 | Zot:5    | Entered Level 5 of the Realm of Zot
 73286 | Zot:5    | Noticed a dread lich
 73286 | Zot:5    | Noticed an ancient lich
 73299 | Zot:5    | Killed an ancient lich
 73305 | Zot:5    | Noticed an ancient lich
 73307 | Zot:5    | Killed a dread lich
 73316 | Zot:5    | Noticed an orb of fire
 73320 | Zot:5    | Gained mutation: You passively map a small area around you.
                  | [an orb of fire]
 73320 | Zot:5    | Gained mutation: You are dopey. (Int -2) [an orb of fire]
 73321 | Zot:5    | Gained mutation: You are very dopey. (Int -4) [an orb of
                  | fire]
 73326 | Zot:5    | HP: 7/199 [orb of fire/fireball (82)]
 73327 | Zot:5    | Noticed an orb of fire
 73327 | Zot:5    | Splashed by a yellow draconian's acid

Illustrated notes

Levels and vault maps discovered:
D:1:      ebering_trefoil_twist, layout_basic, minmay_box_of_dots
D:2:      layout_basic, shapermc_ecumenical_altar_acropolis, serial_shops,
          shop_statue, serial_rivers, chequers_serial_rivers_micro_a,
          chequers_serial_rivers_micro_c, chequers_serial_rivers_large_a,
          chequers_serial_rivers_micro_c, chequers_serial_rivers_room_b,
          basic_altar
D:3:      kennysheep_goblin_castle, layout_loops_ring,
          gammafunk_temple_overflow_wave, cheibrodos_sewer_entry_bend,
          uniq_jessica, uniq_terence
D:4:      kennysheep_big_flooded_room, layout_basic, nicolae_shop_gadgets
D:5:      layout_rooms, nicolae_hepliaklqana_hippocampus,
          nicolae_gozag_cash_rules_everything_around_me
D:6:      layout_rooms, lemuel_coloured_pillars_altar,
          minmay_temple_entry_large_hall
D:7:      layout_loops_ring, okawaru_humans, serial_shops, nicolae_shop_crystal
D:8:      layout_basic, special_room [special_room_orc]
D:9:      layout_loops_corners, nicolae_uskayaw_suspiria, kennysheep_little_box,
          nicolae_vehumet_altar_sigil, special_room [special_room_bee],
          nzn_sisyphean_effort, uniq_maggie
D:10:     lemuel_slime, layout_layer_cave, lair_entry_dummy,
          nicolae_stop_n_shop_2
D:11:     minmay_skewed_foursquare, layout_rooms, serial_undead,
          serial_undead_c, serial_undead_a, serial_undead_e, serial_undead_c,
          serial_undead_e, serial_undead_d
D:12:     nzn_winding_woodlands_three_and_one
          [nzn_winding_woodlands_5x15_default,
          nzn_winding_woodlands_5x15_river_crossing,
          nzn_winding_woodlands_5x15_parted,
          nzn_winding_woodlands_center_garden], layout_basic,
          gauntlet_entry_generic, lightli_wizard_tower
D:13:     layout_stronghold, skrybe_limestone_x, nicolae_shop_overcharged_wands
D:14:     layout_cave_pods, hangedman_vaults_entry_quadrant_bands,
          minmay_misc_feat_square, chequers_mini_garden, tgw_xom, uniq_roxanne
D:15:     grunt_enter_depths_magical_seal, layout_loops_corners,
          chequers_serial_rivers_micro_d
Lair:1:   layout_misc_corridors, chequers_serial_rivers_micro_e,
          serial_bayou_shore_b, grunt_megastairs_1, uniq_gastronok, uniq_joseph
Lair:2:   layout_layer_cave, nicolae_spider_entry_orb_guardian, minivault_11,
          serial_bayou_shore_a
Lair:3:   layout_hall_layers, elwin_shoals_entry_stream,
          minmay_lair_oklob_items, eino_house_with_fridge
Lair:4:   layout_roguey, minmay_lair_drake_nest, minmay_lair_oklob_chamber,
          grunt_megastairs_4, uniq_nergalle
Lair:5:   layout_cave_pods, dpeg_slime_entry_corner, serial_bayou_shore_b,
          uniq_rupert
Lair:6:   grunt_lair_end_beastmaster, layout_small_grid, nzn_ghost_randoct,
          portal_ice_cave_entry_imps
Shoals:1: layout_shoals, serial_shops, shop
Shoals:2: layout_shoals, uniq_ilsuiw, uniq_nikola, uniq_polyphemus
Shoals:3: cheibrodos_shoals_oceanic_diplomacy, layout_shoals,
          nicolae_take_the_stairs, nicolae_shoals_wave_tunnel, uniq_donald
Shoals:4: shoals_end_hangedman, layout_shoals, nicolae_shoals_mertower
Spider:1: layout_spider_delve, hive_lemuel
Spider:2: layout_spider_delve, einodemon_crawler_minivault,
          hangedman_spider_tarantella_strand
Spider:3: layout_spider_delve, gammafunk_ghost_abyssal_escape
Spider:4: grunt_spider_rune_island, uniq_arachne
Orc:1:    layout_diamond_mine, gammafunk_ghost_smash, basic_altar
Orc:2:    st_orc_rangers, layout_caves, basic_altar,
          minmay_shop_enchanted_jewellery, uniq_josephine
Elf:1:    layout_loops_cross, serial_shops, shop, minmay_elf_demonology,
          drop_trap, grunt_ministairs_3
Elf:2:    elven_hall_of_blades_hangedman_original [nicolae_blade_little_rooms],
          layout_loops_ring, serial_shops, nicolae_shop_behind_doors, shop,
          nicolae_stop_n_shop_1, nicolae_shop_overgrown_old_shop
Vaults:1: v_misc_28, st_greater_box_4, vaults_room_grunt_arrival_ludios,
          ontoclasm_vaults_ring_square, v_misc_27, v_misc_15,
          grunt_vaults_funnel, vaults_dpeg_spiral, ontoclasm_vaults_shuriken,
          v_misc_1, nicolae_vaults_little_squares_3, layout_vaults_omnicross,
          serial_shops, shop_statue, shop,
          nicolae_shop_competitors_out_of_business,
          nicolae_shop_competitors_out_of_business, nicolae_shop_statue_plus
Vaults:2: vaults_dpeg_hooks, vaults_room_pools,
          vaults_standard_mumra_enter_the_diamond, hangedman_vaults_maws,
          v_alt_pattern_4, hangedman_vaults_stitches, vaults_mumra_minichess,
          vaults_room_fancy_cross, vaults_room_pool, v_misc_5,
          nicolae_vaults_network_square, layout_vaults_ring, uniq_boris
Vaults:3: hangedman_vaults_snaps, minmay_crypt_entry_nasty_monster,
          ontoclasm_vaults_fire_temple, v_misc_3, vaults_room_pools, v_misc_2,
          vaults_dpeg_encased_lava, layout_vaults_omnigrid,
          portal_desolation_entry_garden, uniq_xtahua
Vaults:4: nicolae_vaults_arrows, ontoclasm_vaults_fault, v_misc_16,
          nicolae_vaults_theta, v_misc_18, vaults_standard_mumra_x, v_pattern_3,
          nicolae_vaults_little_squares_2, layout_vaults_big_room, uniq_mennas,
          uniq_mara
Vaults:5
Depths:1: grunt_bent_corner, layout_cave_shapes, rand_demon_pan_entry_1,
          minmay_misc_feat_roman, hell_entry, grunt_ministairs_14,
          minmay_door_square, minivault_16, grunt_decor_junction,
          serial_bayou_pond_a, ashenzari_conservatory_becter
Depths:2: grunt_twisty_corner, layout_basic, enter_ziggurat_e,
          nzn_wu_jian_contemplation, grunt_hell_entry_demonic_statue,
          serial_bayou_shore_b
Depths:3: lemuel_river_lethe, hell_entry, pan_entry
Depths:4: minmay_skeleton_keep, layout_gridville, hellmouth_3,
          abyss_entry_glasseish, minmay_shop_star,
          minmay_staircase_statues_hall_small, uniq_enchantress
Depths:5: grunt_zot_entry_tricorne, layout_long_grid,
          abyss_entry_small_statue_room, pan_entry, grunt_hell_entry_dis_grunt,
          nemelex_xobeh_ov_fountains_minmay, minmay_shoptagon,
          serial_bayou_shore_b
Zot:1:    layout_twisted_circle, grunt_megastairs_3
Zot:2:    gammafunk_its_a_trap, layout_onion_interference,
          gammafunk_ghost_tricky_traps, hangedman_player_shredder
Zot:3:    layout_gridville, zot_minivault_1
Zot:4:    layout_gridlike
Zot:5:    layout_basic, bh_zot_lava_cross, hangedman_zot_decor_unnerving_road

Skill      XL: |  1  2  3  4  5  6  7  8  9 10 11 12 13 14 15 16 17 18 19 20 21 22 23 24 25 26 27 |
---------------+----------------------------------------------------------------------------------+-----
Axes           | 4 5 6 7 8 9 11 13 14 15 16 17 | 17.9
Fighting       | 4 5 6 7 8 9 11 12 13 14 16 18 20 21 22 23 24 26 27 | 27.0
Stealth        | 1 2 3 4 5 6 8 9 11 12 14 16 17 18 23 | 23.3
Dodging        | 3 4 5 6 7 8 9 10 11 12 13 15 16 18 23 | 23.3
Armour         | 3 4 6 8 10 11 12 13 14 15 16 17 18 | 18.2
Throwing       | 1 2 3 4 5 6 |  6.1
Shields        | 1 4 6 7 9 11 13 14 15 | 15.0
Short Blades   | 1 |  1.0
Staves         | 1 |  1.2
Evocations     | 2 3 4 |  4.3
Long Blades    | |  0.9
Maces & Flails | |  0.9
Polearms       | |  0.9
Slings         | |  0.7
Bows           | |  0.9
Crossbows      | |  0.9
Unarmed Combat | |  0.9
Invocations    | |  0.6

Action                   |  1- 3 |  4- 6 |  7- 9 | 10-12 | 13-15 | 16-18 | 19-21 | 22-24 | 25-27 || total
-------------------------+-------+-------+-------+-------+-------+-------+-------+-------+-------++-------
Melee: Hand axe          |    69 |   192 |   240 |    12 |       |  1200 |  1322 |  1503 |  2720 ||  7258
       Peck              |    12 |    28 |    52 |    75 |   145 |   438 |   512 |   642 |  1228 ||  3132
       Kick              |    19 |    42 |    87 |   126 |   232 |   705 |   826 |  1038 |  1978 ||  5053
       War axe           |       |       |       |   313 |   499 |     3 |       |       |       ||   815
       Broad axe         |       |       |       |       |       |       |       |       |   120 ||   120
Throw: Javelin           |     4 |     7 |     4 |       |       |       |       |       |       ||    15
       Throwing net      |     1 |     1 |       |     2 |       |       |       |       |       ||     4
       Dart              |       |       |    27 |     4 |       |       |       |       |       ||    31
       Boomerang         |       |       |       |    32 |     4 |    18 |       |       |       ||    54
Invok: Berserk           |     2 |     6 |    10 |    20 |    20 |    19 |     9 |    10 |    22 ||   118
       Trog's Hand       |       |       |       |     2 |     2 |       |     1 |     1 |     8 ||    14
       Brothers in Arms  |       |       |       |     1 |     7 |    12 |     6 |    10 |    13 ||    49
Evoke: Wand              |       |       |       |     4 |     1 |       |       |       |     1 ||     6
       Box of beasts     |       |       |       |       |       |     1 |     4 |     1 |     2 ||     8
       Lightning rod     |       |       |       |       |       |       |       |     3 |     1 ||     4
       Phial of floods   |       |       |       |       |       |       |       |       |     2 ||     2
       Phantom mirror    |       |       |       |       |       |       |       |       |     1 ||     1
       Condenser vane    |       |       |       |       |       |       |       |       |     1 ||     1
  Use: Scroll            |       |     4 |     7 |     6 |    20 |     1 |     6 |     1 |     5 ||    50
       Potion            |       |       |       |       |     5 |     4 |       |       |     5 ||    14
 Stab: Distracted        |       |       |       |     1 |       |     5 |     7 |    12 |    14 ||    39
       Petrified         |       |       |       |       |     5 |     3 |       |       |       ||     8
       Petrifying        |       |       |       |       |     2 |     1 |       |       |       ||     3
       Sleeping          |       |       |       |       |       |    14 |    27 |    48 |    68 ||   157
       Held in net/web   |       |       |       |       |       |     1 |       |       |       ||     1
       Confused          |       |       |       |       |       |       |       |       |     4 ||     4
Armor: Animal skin       |     7 |       |       |       |       |       |       |       |       ||     7
       Ring mail         |     3 |    47 |    26 |       |       |       |       |       |       ||    76
       Chain mail        |       |       |    83 |   139 |   117 |   318 |   108 |       |       ||   765
       Plate armour      |       |       |       |       |    61 |       |       |       |       ||    61
       Swamp dragon scal |       |       |       |       |       |       |    26 |   107 |   237 ||   370
Dodge: Dodged            |    38 |   118 |   129 |   103 |   186 |   421 |   313 |   463 |  1423 ||  3194
Block: Other             |       |       |     3 |    30 |       |       |       |       |       ||    33
       Reflection        |       |       |     1 |     4 |     2 |       |       |       |       ||     7
       Kite shield       |       |       |       |   156 |   325 |   627 |   668 |   792 |  1617 ||  4185
